 Dungeon Crawl Stone Soup version 0.29-a0-330-g52719c12eb (webtiles) character file.

Game seed: 1867131133065532313

75 Crownlay the Fighter (level 4, -5/45 HPs)
             Began as a Gnoll Wanderer on Apr 19, 2022.
             Slain by a gnoll
             ... wielding a +0 club
              (8 damage)
             ... on level 2 of the Dungeon.
             The game lasted 00:01:58 (719 turns).

Crownlay the Fighter (Gnoll Wanderer)                Turns: 719, Time: 00:01:58

Health: -5/45      AC:  2    Str: 11    XL:     4   Next: 31%
Magic:  11/11      EV: 11    Int: 14    God:
Gold:   20         SH:  0    Dex: 11    Spells: 13/13 levels left

rFire   . . .      SeeInvis .   a - +1 hunting sling (vorpal)
rCold   . . .      Faith    .   (no shield)
rNeg    . . .      Spirit   .   c - +0 robe
rPois   .          Reflect  .   (no helmet)
rElec   .          Harm     .   (no cloak)
rCorr   .          Rampage  .   (no gloves)
Will    .....                   (no boots)
Stlth   +.........              (no amulet)
HPRegen 0.15/turn               (no ring)
MPRegen 0.12/turn               (no ring)

@: no status effects
A: fangs 1, strong nose, distributed training
a: no special abilities


You were on level 2 of the Dungeon.
You visited 1 branch of the dungeon, and saw 2 of its levels.

You collected 20 gold pieces.

Inventory:

Hand Weapons
 a - a +1 vorpal hunting sling (weapon)
Armour
 c - a +0 robe (worn)
Scrolls
 e - a scroll of identify {unknown}
 f - 2 scrolls of fear {unknown}
 i - 2 scrolls of noise {unknown}
 j - a scroll of brand weapon {unknown}
 k - a scroll of fog {unknown}
Potions
 b - a potion of attraction
 d - a potion of brilliance {unknown}
 g - a potion of curing {unknown}
 h - a potion of mutation {unknown}


   Skills:
 + Level 8.5 Fighting
 + Level 1.1 Short Blades
 + Level 1.1 Long Blades
 + Level 1.1 Axes
 + Level 1.1 Maces & Flails
 + Level 1.1 Polearms
 + Level 1.1 Staves
 + Level 6.6 Slings
 + Level 1.1 Bows
 + Level 1.1 Crossbows
 + Level 1.1 Throwing
 + Level 1.1 Armour
 + Level 1.1 Dodging
 + Level 1.1 Stealth
 + Level 1.1 Shields
 + Level 1.1 Unarmed Combat
 + Level 5.0 Spellcasting
 + Level 0.8 Conjurations
 + Level 0.8 Hexes
 + Level 0.8 Summonings
 + Level 2.2 Necromancy
 + Level 0.8 Translocations
 + Level 0.8 Transmutations
 + Level 0.8 Fire Magic
 + Level 0.8 Ice Magic
 + Level 0.8 Air Magic
 + Level 0.8 Earth Magic
 + Level 0.8 Poison Magic
 + Level 1.2 Invocations
 + Level 1.1 Evocations


You had 13 spell levels left.
You didn't know any spells.
Your spell library contained the following spells:

 Spells                   Type           Power      Damage    Failure   Level
 Sublimation of Blood     Necr           9%         N/A       11%         2
 Corpse Rot               Necr/Air       14%        N/A       14%         2


Dungeon Overview and Level Annotations

Branches:
Dungeon (2/15)

Altars:


Innate Abilities, Weirdness & Mutations

You have very sharp teeth.
Your uncanny sense of smell can sniff out nearby items.
Your experience applies equally to all skills.


Message History

The gnoll misses you. The gnoll closely misses you.
Fire: a) +1 hunting sling (vorpal)
Press: ? - help, Shift-Dir - straight line, f/p - gnoll
Aim: a gnoll, wielding a +0 halberd (almost dead, 66% to hit)
You shoot a sling bullet. The sling bullet hits the gnoll!
You kill the gnoll!
Fire: a) +1 hunting sling (vorpal)
Press: ? - help, Shift-Dir - straight line, f - gnoll
Aim: a gnoll, wielding a +0 club (66% to hit)
You shoot a sling bullet.
The sling bullet barely misses the gnoll.
Fire: a) +1 hunting sling (vorpal)
Press: ? - help, Shift-Dir - straight line, f/p - gnoll
Aim: a gnoll, wielding a +0 club (66% to hit)
You shoot a sling bullet. The sling bullet hits the gnoll.
The gnoll is moderately wounded.
The gnoll hits you with a +0 club!
* * * LOW HITPOINT WARNING * * *
Fire: a) +1 hunting sling (vorpal)
Press: ? - help, Shift-Dir - straight line, f/p - gnoll
Aim: a gnoll, wielding a +0 club (moderately wounded, 66% to hit)
You shoot a sling bullet.
The sling bullet hits the gnoll but does no damage.
The gnoll is moderately wounded.
The gnoll hits you with a +0 club.
* * * LOW HITPOINT WARNING * * *
Fire: a) +1 hunting sling (vorpal)
Press: ? - help, Shift-Dir - straight line, f/p - gnoll
Aim: a gnoll, wielding a +0 club (moderately wounded, 66% to hit)
You shoot a sling bullet. The sling bullet hits the gnoll.
The gnoll is heavily wounded.
The gnoll barely misses you.
Fire: a) +1 hunting sling (vorpal)
Press: ? - help, Shift-Dir - straight line, f/p - gnoll
Aim: a gnoll, wielding a +0 club (heavily wounded, 66% to hit)
You shoot a sling bullet.
The sling bullet hits the gnoll but does no damage.
The gnoll is heavily wounded.
The gnoll hits you with a +0 club!
You die...

....###
###........)...#
#### ##
#######.....#.## ...
..## #####.#.)# #.#
..# #..#.## #..# #.#
##....### ...
#.#########......
#.##.......####.....
#...######..#......)
###@.# ##...####..
.....rg...#
##.......#
.#######..#
..........
#........######.
......... ##.##.###
..... ##.


You could see a gnoll and a quokka.

Vanquished Creatures
  3 gnolls
  3 dart slugs (D:1)
  2 ball pythons (D:1)
  5 endoplasms
  5 goblins
  3 hobgoblins
  3 jackals (D:1)
  4 bats (D:1)
  3 frilled lizards
  5 kobolds
  2 rats
38 creatures vanquished.

Notes
Turn   | Place    | Note
-------+----------+-------------------------------------------
     0 | D:1      | Crownlay the Gnoll Wanderer began the quest for the Orb.
     0 | D:1      | Crownlay set off with the following items: a +1 vorpal
                  | hunting sling, a potion of attraction, a +0 robe; and the
                  | following spells available to memorise: Sublimation of
                  | Blood, Corpse Rot
     0 | D:1      | Reached XP level 1. HP: 26/26 MP: 6/6
    70 | D:1      | Reached XP level 2. HP: 33/33 MP: 7/7
   210 | D:1      | Reached skill level 5 in Spellcasting
   210 | D:1      | Reached XP level 3. HP: 26/38 MP: 7/9
   420 | D:1      | Reached skill level 1 in Invocations
   671 | D:2      | Reached skill level 1 in Short Blades
   671 | D:2      | Reached skill level 1 in Long Blades
   671 | D:2      | Reached skill level 1 in Axes
   671 | D:2      | Reached skill level 1 in Maces & Flails
   671 | D:2      | Reached skill level 1 in Polearms
   671 | D:2      | Reached skill level 1 in Staves
   671 | D:2      | Reached skill level 1 in Bows
   671 | D:2      | Reached skill level 1 in Crossbows
   671 | D:2      | Reached skill level 1 in Throwing
   671 | D:2      | Reached skill level 1 in Armour
   671 | D:2      | Reached skill level 1 in Dodging
   671 | D:2      | Reached skill level 1 in Stealth
   671 | D:2      | Reached skill level 1 in Shields
   671 | D:2      | Reached skill level 1 in Unarmed Combat
   671 | D:2      | Reached skill level 1 in Evocations
   710 | D:2      | Reached XP level 4. HP: 22/45 MP: 11/11
   719 | D:2      | Slain by a gnoll

Illustrated notes

Levels and vault maps discovered:
D:1:      co_arrival_square_in_a_square_in_a_square, layout_rooms
D:2:      layout_rooms, basic_altar

Skill      XL: |  1  2  3 |
---------------+----------+-----
Necromancy     | 2 |  2.2
Spellcasting   | 5 |  5.0
Invocations    | 1 |  1.2
Short Blades   | 1 |  1.1
Long Blades    | 1 |  1.1
Axes           | 1 |  1.1
Maces & Flails | 1 |  1.1
Polearms       | 1 |  1.1
Staves         | 1 |  1.1
Bows           | 1 |  1.1
Crossbows      | 1 |  1.1
Throwing       | 1 |  1.1
Armour         | 1 |  1.1
Dodging        | 1 |  1.1
Stealth        | 1 |  1.1
Shields        | 1 |  1.1
Unarmed Combat | 1 |  1.1
Evocations     | 1 |  1.1
Fighting       | |  8.5
Slings         | |  6.6
Conjurations   | |  0.8
Hexes          | |  0.8
Summonings     | |  0.8
Translocations | |  0.8
Transmutations | |  0.8
Fire Magic     | |  0.8
Ice Magic      | |  0.8
Air Magic      | |  0.8
Earth Magic    | |  0.8
Poison Magic   | |  0.8

Action                   |  1- 3 |  4- 6 || total
-------------------------+-------+-------++-------
 Fire: Hunting sling     |    89 |    10 ||    99
Armor: Robe              |     2 |       ||     2
Dodge: Dodged            |    21 |     5 ||    26

Table legend: (Time is in decaauts)
 A = Elapsed time spent in this place.
 B = Non-inter-level travel time spent in this place.
 C = Inter-level travel time spent in this place.
 D = Time resting spent in this place.
 E = Time spent auto-exploring this place.
 F = Levels seen in this place.
 G = Mean time per level.
                   A        B        C        D        E       F      G
               +--------+--------+--------+--------+--------+-----+--------+
         Total |    736 |    717 |     19 |      0 |    544 |   2 |  368.0 |
       Dungeon |    736 |    717 |     19 |      0 |    544 |   2 |  368.0 |
               +--------+--------+--------+--------+--------+-----+--------+

Top non-repeatable levels by time:
     D:1: 629 daAuts
     D:2: 106 daAuts
